Cogmind - Beta 13 @@@ ROGUE MODE // 2024.03.02 @ 00:24:59 Player: Minty Result: Self-destructed Performance ------------- Evolutions (2) 1000 Regions Visited (7) 1400 Robots Destroyed (0) 0 Value Destroyed (0) 0 Prototype IDs (1) 20 Alien Tech Used (0) 0 Bonus (564) 564 TOTAL SCORE: 2984 Bonus ------- Pacifist 564 Cogmind --------- Core Integrity 470/550 Matter 191/300 Energy 240/240 System Corruption 0% Temperature Cool (0) Movement Walking (190) Ox1 Location -8/Materials Parts ------- > --- POWER (1) -------- Nuclear Core > --- PROPULSION (2) --- Aluminum Leg > --- UTILITY (6) ------ ECM Suite Hardened Light Armor Plating Makeshift System Shield > --- WEAPON (2) ------- (None) > --- INVENTORY (5) ---- Nuclear Core Terrain Scanner Cloak of Protection Core Shielding Shield Generator Peak State ------------ > --- POWER ------------ Light Ion Engine > --- PROPULSION ------- Hover Unit > --- UTILITY ---------- Weight Redist. System Cloak of Protection Core Shielding Makeshift System Shield > --- WEAPON ----------- (None) > --- INVENTORY -------- Small Storage Unit Terrain Scanner Shield Generator Small Laser Light EM Pulse Cannon [Rating: 17] Favorites ----------- Power Light Ion Engine Engine Light Ion Engine Power Core Nuclear Core Propulsion Hover Unit Leg Aluminum Leg Hover Unit Hover Unit Utility Weight Redist. System Device Weight Redist. System Storage Small Storage Unit Hackware Makeshift System Shield Protection Core Shielding Weapon Assault Rifle Ballistic Gun Assault Rifle Build | -11 -10 -10 -9 -9 -9 -8 -8 ------- Run | Yrd Mat Min Mat Min Exi Min Mat Slots Evolved 4 | . . . 2 . . . 2 Power . | . . . . . . . . Propulsion . | . . . . . . . . Utility 4 | . . . 2 . . . 2 Weapon . | . . . . . . . . Parts Attached 15 | . . . 4 1 4 . 6 Power 3 | . . . 1 . . . 2 Engine 2 | . . . 1 . . . 1 Core 1 | . . . . . . . 1 Reactor . | . . . . . . . . Propulsion 3 | . . . . 1 . . 2 Treads . | . . . . . . . . Leg 2 | . . . . . . . 2 Wheel . | . . . . . . . . Hover 1 | . . . . 1 . . . Flight . | . . . . . . . . Utility 9 | . . . 3 . 4 . 2 Device 4 | . . . 1 . 2 . 1 Storage 1 | . . . . . 1 . . Processor . | . . . . . . . . Hackware 1 | . . . . . 1 . . Protection 3 | . . . 2 . . . 1 Artifact . | . . . . . . . . Weapon . | . . . . . . . . Energy Gun . | . . . . . . . . Energy Cannon . | . . . . . . . . Ballistic Gun . | . . . . . . . . Ballistic Cannon . | . . . . . . . . Launcher . | . . . . . . . . Special Weapon . | . . . . . . . . Impact Weapon . | . . . . . . . . Slashing Weapon . | . . . . . . . . Piercing Weapon . | . . . . . . . . Special Melee Weapon . | . . . . . . . . Unidentified Prototypes 1 | . . . . . 1 . . Parts Lost 1 | . . . . . . . 1 Power 1 | . . . . . . . 1 Propulsion . | . . . . . . . . Utility . | . . . . . . . . Weapon . | . . . . . . . . Highest Loss Streak 1 | . . . . . . . 1 To Critical Strikes . | . . . . . . . . Average Slot Usage (%) 43 | . 32 . 15 44 61 66 42 Engine 6 | . 7 . 4 11 11 11 . Core 1 | . . . . . . . 6 Leg 2 | . 14 . . . . . 4 Hover 5 | . . . . . 11 11 5 Device 8 | . . . 4 11 12 11 9 Storage 2 | . 10 . . . 3 11 . Hackware 4 | . . . . . 6 11 9 Protection 11 | . . . 6 22 17 11 6 Naked Turns 82 | . 18 30 34 . . . . Heaviest Build 14 | 12 12 . 9 9 12 9 14 Greatest Support 20 | 20 20 3 9 12 12 9 10 Greatest Overweight (x) 2 | . . . . . 1 . 2 Average Overweight (x) . | . . . . . . . . Largest Inventory Capacity 8 | . 8 5 5 5 8 8 8 Average Capacity 5 | . 6 5 5 5 5 8 5 Most Carried 8 | . 8 5 5 5 5 5 6 Average Carried 4 | . 6 5 4 3 4 5 5 Final Capacity 8 | 8 5 5 5 5 8 8 5 Final Carried 6 | 6 5 5 3 5 5 5 5 Class Distribution -------------------- 100% | Mutant Dominant Class ---------------- Mutant | -10/Mines Mutant | -9/Materials Mutant | -9/Mines Mutant | -9/Exiles Mutant | -8/Mines Mutant | -8/Materials Resources | -11 -10 -10 -9 -9 -9 -8 -8 ----------- Run | Yrd Mat Min Mat Min Exi Min Mat Matter Collected 229 | 200 . . . 17 . . 12 Remotely . | . . . . . . . . Salvage Created . | . . . . . . . . Parts . | . . . . . . . . Haulers Intercepted . | . . . . . . . . Recyclers Shooed . | . . . . . . . . Parts Field Recycled . | . . . . . . . . Retrieved Matter . | . . . . . . . . Parts Self-Destructed . | . . . . . . . . Prevented . | . . . . . . . . Kills | -11 -10 -10 -9 -9 -9 -8 -8 ------- Run | Yrd Mat Min Mat Min Exi Min Mat Combat Hostiles Destroyed . | . . . . . . . . Classes Destroyed . | . . . . . . . . Best Kill Streak . | . . . . . . . . Combat Bots Only . | . . . . . . . . Max Kills in Single Turn . | . . . . . . . . Gunslinging . | . . . . . . . . Exploded . | . . . . . . . . Melee . | . . . . . . . . Uniques/NPCs Destroyed . | . . . . . . . . Combat | -11 -10 -10 -9 -9 -9 -8 -8 -------- Run | Yrd Mat Min Mat Min Exi Min Mat Hostile Shots Fired 65 | . 24 13 2 . . 4 22 Missed 24 | . 9 6 1 . . 2 6 Damage Taken 382 | . 122 58 18 . . 38 146 Core 275 | . 106 58 18 . . 13 80 Absorbed by Shields . | . . . . . . . . Redirected to Shielding 3 | . . . . . . 3 . Core Remaining (%) 75 | 100 . 34 . . . 92 . Volleys Fired . | . . . . . . . . Largest . | . . . . . . . . Hottest . | . . . . . . . . Shots Fired . | . . . . . . . . Gun . | . . . . . . . . Cannon . | . . . . . . . . Launcher . | . . . . . . . . Special . | . . . . . . . . Kinetic . | . . . . . . . . Thermal . | . . . . . . . . Explosive . | . . . . . . . . Electromagnetic . | . . . . . . . . Robot Hit Streak . | . . . . . . . . Robot Miss Streak . | . . . . . . . . Penetration Max . | . . . . . . . . Secondary Targets . | . . . . . . . . Shots Hit Robots . | . . . . . . . . Core Hits . | . . . . . . . . Critical Kills . | . . . . . . . . Critical Parts Destroyed . | . . . . . . . . Critical Strikes . | . . . . . . . . Melee Attacks . | . . . . . . . . Impact . | . . . . . . . . Slashing . | . . . . . . . . Piercing . | . . . . . . . . Sneak Attacks . | . . . . . . . . Combat Hostiles . | . . . . . . . . Follow-up Attacks . | . . . . . . . . Damage Inflicted 15 | . . 13 . . . 1 1 Guns . | . . . . . . . . Cannons . | . . . . . . . . Explosions . | . . . . . . . . Melee . | . . . . . . . . Ramming 15 | . . 13 . . . 1 1 Kinetic . | . . . . . . . . Thermal . | . . . . . . . . Explosive . | . . . . . . . . Electromagnetic . | . . . . . . . . Impact . | . . . . . . . . Slashing . | . . . . . . . . Piercing . | . . . . . . . . Highest Corruption . | . . . . . . . . Average Corruption . | . . . . . . . . Corruption Purged . | . . . . . . . . Corruption Blocked . | . . . . . . . . Overload Shots . | . . . . . . . . Overflow Damage . | . . . . . . . . Projectiles . | . . . . . . . . Explosions . | . . . . . . . . Melee . | . . . . . . . . Knockbacks . | . . . . . . . . Impact . | . . . . . . . . Kinetic . | . . . . . . . . Secondary . | . . . . . . . . Self-Inflicted Damage 6 | . . 6 . . . . . Shots . | . . . . . . . . Rammed 3 | . . 2 . . . 1 . Targets Rammed 4 | . . 2 . . . 1 1 Kicked 1 | . . . . . . . 1 Crushed . | . . . . . . . . Highest Temperature . | . . . . . . . . Average Temperature . | . . . . . . . . Received Heat Transfer 33 | . 9 6 . . . . 18 Siege Activations . | . . . . . . . . Robots Corrupted . | . . . . . . . . Combat Hostiles . | . . . . . . . . Parts Fried . | . . . . . . . . Impact Corruptions . | . . . . . . . . Robots Melted . | . . . . . . . . Combat Hostiles . | . . . . . . . . Parts Melted . | . . . . . . . . Heat Transferred . | . . . . . . . . Parts Sabotaged . | . . . . . . . . Parts Stolen . | . . . . . . . . Parts Stripped . | . . . . . . . . Power Chain Reactions . | . . . . . . . . Alert | -11 -10 -10 -9 -9 -9 -8 -8 ------- Run | Yrd Mat Min Mat Min Exi Min Mat Peak Influence 50 | . . . 50 19 . 15 25 Initial 19 | . . . . 19 . . 5 Average 14 | . . . 28 19 . 13 15 Maximum Alert Level . | . . . . . . . . Low Security (%) 100 | . 100 100 100 100 . 100 100 Level 1 . | . . . . . . . . Level 2 . | . . . . . . . . Level 3 . | . . . . . . . . Level 4 . | . . . . . . . . Level 5 . | . . . . . . . . High Security . | . . . . . . . . Max Security . | . . . . . . . . Squads Dispatched 3 | . . . 1 . . . 2 Investigation . | . . . . . . . . Extermination . | . . . . . . . . Reinforcement 2 | . . . 1 . . . 1 Assault . | . . . . . . . . Garrison 1 | . . . . . . . 1 Intercept . | . . . . . . . . Searches Triggered . | . . . . . . . . Construction Impeded . | . . . . . . . . Haulers Reinforced . | . . . . . . . . Active Scanning Responses . | . . . . . . . . Cargo Convoy Interrupts . | . . . . . . . . Stealth | -11 -10 -10 -9 -9 -9 -8 -8 --------- Run | Yrd Mat Min Mat Min Exi Min Mat Distress Signals 2 | . . . 1 . . . 1 Communications Jammed . | . . . . . . . . Distress Signals . | . . . . . . . . Times Spotted 27 | . 5 5 3 . . 1 13 Peak Tracking Total 7 | . 6 5 4 . . 1 7 Tactical Retreats 1 | . . . . . . . 1 Traps | -11 -10 -10 -9 -9 -9 -8 -8 ------- Run | Yrd Mat Min Mat Min Exi Min Mat Traps Triggered . | . . . . . . . . Indirectly . | . . . . . . . . Trap Hack Attempts . | . . . . . . . . Triggered . | . . . . . . . . Disarmed . | . . . . . . . . Reprogrammed . | . . . . . . . . Reused . | . . . . . . . . Traps Extracted . | . . . . . . . . Installed . | . . . . . . . . Triggered . | . . . . . . . . Machines | -11 -10 -10 -9 -9 -9 -8 -8 ---------- Run | Yrd Mat Min Mat Min Exi Min Mat Machines Disabled . | . . . . . . . . Max in Single Turn . | . . . . . . . . Machines Repaired . | . . . . . . . . Machines Dismantled . | . . . . . . . . Machines Sabotaged . | . . . . . . . . Overloaded Fab Kills . | . . . . . . . . Hacking | -11 -10 -10 -9 -9 -9 -8 -8 --------- Run | Yrd Mat Min Mat Min Exi Min Mat Machines Accessed 4 | . 2 . 1 . 1 . . Terminals 3 | . 2 . 1 . . . . Fabricators . | . . . . . . . . Repair Stations . | . . . . . . . . Recycling Units . | . . . . . . . . Scanalyzers . | . . . . . . . . Garrison Access . | . . . . . . . . Total Hacks 10 | . 7 . 2 . 1 . . Successful 2 | . . . 1 . 1 . . Failed 8 | . 7 . 1 . . . . Catastrophic . | . . . . . . . . Database Lockouts . | . . . . . . . . Manual 8 | . 5 . 2 . 1 . . Terminals 9 | . 7 . 2 . . . . Fabricators . | . . . . . . . . Repair Stations . | . . . . . . . . Recycling Units . | . . . . . . . . Scanalyzers . | . . . . . . . . Garrison Access . | . . . . . . . . Terminal Hacks 1 | . . . . . 1 . . Record 1 | . . . . . 1 . . Fabricator Hacks . | . . . . . . . . Repair Station Hacks . | . . . . . . . . Recycling Unit Hacks . | . . . . . . . . Scanalyzer . | . . . . . . . . Garrison Access Hacks . | . . . . . . . . Unauthorized Hacks 1 | . . . 1 . . . . Terminals 1 | . . . 1 . . . . Botnet 1 | . . . 1 . . . . Fabricators . | . . . . . . . . Repair Stations . | . . . . . . . . Recycling Units . | . . . . . . . . Scanalyzers . | . . . . . . . . Garrison Access . | . . . . . . . . Data Cores Recovered . | . . . . . . . . Used . | . . . . . . . . Hacking Detections 3 | . 2 . 1 . . . . Full Trace Events . | . . . . . . . . Feedback Events . | . . . . . . . . Feedback Blocked . | . . . . . . . . Robot Schematics Acquired . | . . . . . . . . Robots Built . | . . . . . . . . Authchips . | . . . . . . . . Time . | . . . . . . . . Total Robot Build Rating . | . . . . . . . . Part Schematics Acquired . | . . . . . . . . Parts Built . | . . . . . . . . Authchips . | . . . . . . . . Time . | . . . . . . . . Total Part Build Rating . | . . . . . . . . Parts Repaired . | . . . . . . . . Time . | . . . . . . . . Parts Recycled . | . . . . . . . . Recycled Matter . | . . . . . . . . Retrieved Matter . | . . . . . . . . Retrieved Components . | . . . . . . . . Parts Scanalyzed . | . . . . . . . . Part Schematics Acquired . | . . . . . . . . Parts Damaged . | . . . . . . . . Bothacking | -11 -10 -10 -9 -9 -9 -8 -8 ------------ Run | Yrd Mat Min Mat Min Exi Min Mat Used RIF Installer . | . . . . . . . . Robots Hacked . | . . . . . . . . Non-combat . | . . . . . . . . Combat . | . . . . . . . . Robot Hacks Applied . | . . . . . . . . Relay Couplers Released . | . . . . . . . . Fabnet Peak Effective % . | . . . . . . . . Robots Rewired 1 | . . . . . 1 . . Allies Hacked . | . . . . . . . . Hacks Repelled . | . . . . . . . . Allies | -11 -10 -10 -9 -9 -9 -8 -8 -------- Run | Yrd Mat Min Mat Min Exi Min Mat Total Allies 1 | . . . . . 1 . . Largest Group 1 | . . . . . 1 . . Highest-Rated Group 8 | . . . . . 8 . . Highest-Rated Ally 8 | . . . . . 8 . . Total Orders 1 | . . . . . 1 . . STAY 1 | . . . . . 1 . . Ally Attacks . | . . . . . . . . Total Damage . | . . . . . . . . Kills . | . . . . . . . . Allies Corrupted . | . . . . . . . . Allies Melted . | . . . . . . . . Intel | -11 -10 -10 -9 -9 -9 -8 -8 ------- Run | Yrd Mat Min Mat Min Exi Min Mat Robot Analysis Total . | . . . . . . . . Derelict Logs Recovered . | . . . . . . . . Drone Launches . | . . . . . . . . Drone Recoveries . | . . . . . . . . Exploration | -11 -10 -10 -9 -9 -9 -8 -8 ------------- Run | Yrd Mat Min Mat Min Exi Min Mat Turns Passed 500 | . 48 30 66 52 182 11 111 Spaces Moved 692 | 1 57 57 116 97 267 20 77 Core 543 | . 37 57 116 93 176 20 44 Treads . | . . . . . . . . Legs 40 | 1 20 . . . . . 19 Wheels . | . . . . . . . . Hover 109 | . . . . 4 91 . 14 Flight . | . . . . . . . . Fastest Speed 50 | 120 50 50 50 50 50 50 50 Average Speed 60 | 120 74 50 50 50 54 50 107 Slowest Speed 190 | 120 120 50 50 60 120 50 190 Overloaded Moves . | . . . . . . . . Propulsion Burnouts . | . . . . . . . . Robots Hopped . | . . . . . . . . Cave-ins Triggered . | . . . . . . . . Exploration Rate (%) 20 | 2 21 19 20 18 61 8 12 Regions Visited 7 Branch Regions 4 Pre-discovered Areas 1 | . . . . . 1 . . Known Exits Taken . | . . . . . . . . Unknown Exits Taken 7 | 1 1 1 1 1 1 1 . Scrap Searched 2 | . . . . 2 . . . Spaces Dug . | . . . . . . . . Terrain Destroyed . | . . . . . . . . Melee . | . . . . . . . . Projectile . | . . . . . . . . AOE . | . . . . . . . . Terrain Rammed . | . . . . . . . . Walls Destroyed . | . . . . . . . . Machines Disabled . | . . . . . . . . Actions | -11 -10 -10 -9 -9 -9 -8 -8 --------- Run | Yrd Mat Min Mat Min Exi Min Mat Total 774 | . 67 58 122 99 303 20 105 Wait 17 | . . . . . 5 . 12 Move 687 | . 56 57 115 96 266 20 77 Hop . | . . . . . . . . Pick Up 7 | . . . 1 2 2 . 2 Fast Attach 10 | . . . 3 1 2 . 4 Attach 4 | . . . 1 . 1 . 2 Detach 6 | . 4 . . . . . 2 Swap 1 | . . . . . 1 . . Drop 17 | . 7 . 2 . 3 . 5 Fire . | . . . . . . . . Melee . | . . . . . . . . Ram 1 | . . 1 . . . . . Kick 1 | . . . . . . . 1 Crush . | . . . . . . . . Escape Stasis . | . . . . . . . . Rewire 23 | . . . . . 23 . . Trap . | . . . . . . . . Miscellaneous . | . . . . . . . . Route ------- -11/Scrapyard -10/Materials -10/Mines -9/Materials -9/Mines -9/Exiles -8/Mines -8/Materials History --------- Turn | Location | Event 1 | -11/Scrapyard | Discovered new exit (range 0) 1 | -11/Scrapyard | Entered Materials 41 | -10/Materials | Discovered new exit (range 15) 49 | -10/Materials | Entered Mines 69 | -10/Mines | Discovered new exit (range 11) 70 | -10/Mines | Core integrity fell below 50% 79 | -10/Mines | Entered Materials 79 | -9/Materials | Evolved 2 slots: Utility x2 140 | -9/Materials | Discovered new exit (range 9) 145 | -9/Materials | Entered Mines 181 | -9/Mines | Found a hidden stash of uninstalled traps 195 | -9/Mines | Deemed a non-threat by the Exiles lab entrance 195 | -9/Mines | Discovered new exit (range 5) 197 | -9/Mines | Entered Exiles 197 | -9/Exiles | Found Exiles lab destroyed 268 | -9/Exiles | Learned location of Zion (-6) 300 | -9/Exiles | Opened EX-Vault 303 | -9/Exiles | Found Prototype Device 303 | -9/Exiles | Identified Cloak of Protection 344 | -9/Exiles | Build established: Mutant 375 | -9/Exiles | Discovered new exit (range 10) 379 | -9/Exiles | Entered Mines 387 | -8/Mines | Discovered new exit (range 5) 390 | -8/Mines | Entered Materials 390 | -8/Materials | Evolved 2 slots: Utility x2 416 | -8/Materials | Garrison activated, responded to threat 501 | -8/Materials | Self-destructed Last Messages --------------- 00402_ K-01 Serf collects debris. 00404_ Dropped Sml. Storage Unit. 00404_ Lgt. Ion Engine destroyed. 00405_ Dropped Weight Redist. System. 00406_ Dropped Lgt. EM Pulse Cannon. 00406_ Acquired Cloak of Protection. 00407_ K-01 Serf collects debris. 00407_ ALERT: Hostiles spotted, dispatching reinforcements to Terminal M010. 00416_ ALERT: Activating Garrison Access M001. 00425_ Acquired Nuclear Core. 00453_ Acquired Aluminum Leg. 00460_ Dropped Aluminum Leg. 00461_ Dropped Hover Unit. 00461_ Acquired Aluminum Leg. 00477_ K-01 Serf collects debris. 00496_ S-10 Pest destroyed. 00499_ Kicked S-10 Pest. 00500_ S-10 Pest destroyed. 00501_ Acquired 12 matter. Map ----- +----------------------------------------------------+ | ?????????????# !! ] " | | ?????????????###########+####### "" | | ??????????????????????? ?????# "" | | ??????????????????????? ?????#!!] "" | | ??????????????????????""" ]????#!!] " | | ??????????????????????""" ????#!] | | ?????????????????????#""" ???# | | ?????????????????????# = ???# | | ?????????????????????########??# ############ | | ???????????????????????????????# #??????????? | | ???????????????????????????????# #??????????? | | ???????????????????????????????# #??????????? | | ???????????????????????????????# #??????????? | | ???????????????????????????????# #######????? | | ???????????????????????????????# # #????? | | ???????????????????????????????# # #????? | | ???????????????????????????????# # |#????? | | ?????????????????????????+###### # #????? | | ??????????????????? #=""" #????? | | ?????????????????????? ###### # """ #????? | | ?????????????????????########### + """ #????? | | ?????????????????????# [ ## # #????? | | ???????## ########?#! """ ## # #????? | | ???????# =! # """ ## # * #????? | | ???????# ! *# """ + # * |#????? | | ???????# =%/@ w ###### #????? | | ???????# s=#s """ #????#######????? | | ?????????# # """ #???????????????? | | ?????????# g ?# """ [ #???????????????? | | ?????????# g ?# #???????????????? | | ?????????# """ ??##########???????????????? | | ?????????# """ ???????????????????????????? | | ?????????# """ ????????????????????????????? | | ?????????/???? ????????????????????????????? | | ?????????????? ?????????????????????????????? | | ?????????????? ?????????????????????????????? | | ??????????????##??????????????????????????????? | | ??????????????????????????????????????????????? | | ??????????????????????????????????????????????? | | ??????????????????????????????????????????????? | | ??????????????????????????????????????????????? | | ??????????????????????????????????????????????? | | ??????????????????????????????????????????????? | | ??????????????????????????????????????????????? | | | | | | | | | | | | | +----------------------------------------------------+ Best States ------------- Heat Dissipation 31 Energy Generation 14 Energy Capacity 240 Matter Stores 300 Matter Capacity 300 Sight Range 16 Terrain Scan Range 14 Terrain Scan Density 10 ECM Strength 1 Cloak Strength 5 Additional Mass Support 6 Armor Coverage 150 Core Shielding 20 Evasion (%) 53 Defensive Hacking 11 Item Schematics ----------------- None Robot Schematics ------------------ None Fabricated ------------ Nothing Alien Tech Used ----------------- None Achievements -------------- None Challenges ------------ None Game ------ Seed GuidedAntimatterStripper Manual? 0 Play Time 00:06:37 Cumulative 685.7 hours Start 2024.03.02 @ 00:19:32 End 2024.03.02 @ 00:24:59 Sessions 1 Manual Loads 0 Difficulty Rogue Special Mode None Game No. 710 Rogue 435 Adventurer 123 Explorer 152 Win Type - Total 26 Types 20/0/4/1/0/0/0/1/0 Lore% 81 Gallery% 91 Achievement% 76 Wizard Run 0 Options --------- Layout 0 ASCII 0 Keyboard 1 Movement Numpad Keybinds 0 Fullscreen 2 Font 18/SmallcapsGlow Map View 76x50 Zoom Use 0% Tactical HUD 1 Map Filters NONE Filters NONE Steam 1 RUN: 5cb143ae-298a-4fe8-b901-594facdd1d28